 Dungeon Crawl Stone Soup version 0.18-a0-1211-g828307d (webtiles) character file.

45222 M4edhros the Geomancer (level 14, -5/84 HPs)
             Began as an Octopode Artificer on Feb 2, 2016.
             Was an Elder of Fedhas.
             Slain by a yak (13 damage)
             ... on level 8 of the Lair of Beasts on Feb 3, 2016.
             The game lasted 01:23:24 (23008 turns).

M4edhros the Geomancer (Octopode Artificer)        Turns: 23008, Time: 01:23:25

Health: -5/84      AC:  1    Str: 10 (13) XL:     14   Next: 32%
Magic:  25/27      EV: 22    Int: 18 (19) God:    Fedhas [****..]
Gold:   2333       SH:  7    Dex: 19 (23) Spells: 4 memorised, 18 levels left

rFire  . . .     SeeInvis +     e - +9 dagger "Buacs" {pierce, rPois rC- Str+3 SInv}
rCold  . . .     Gourm    +     C - +1 buckler
rNeg   . . .     Faith    .     (helmet restricted)
rPois  +         Spirit   .     H - amulet of the gourmand
rElec  .         Dismiss  .     m - ring of protection from cold
rCorr  +         Reflect  .     h - ring of protection from magic
SustAt .         Harm     .     r - ring of protection from magic
MR     +++..                    L - ring of see invisible
Stlth  +++++.....               d - +5 ring of dexterity
                                O - +5 ring of dexterity
                                o - ring of resist corrosion
                                (no ring)

@: extremely resistant to hostile enchantments, quite stealthy
A: almost no armour, amphibious, 8 rings, constrict 8, camouflage 1,
deterioration 2, mutation resistance 1, slow regeneration 1, gelatinous body 1,
subdued magic 2
a: Evolution, Sunlight, Growth, Reproduction, Renounce Religion


You were on level 8 of the Lair of Beasts.
You worshipped Fedhas.
Fedhas was greatly pleased with you.
You were near starving.

You visited 4 branches of the dungeon, and saw 22 of its levels.
You also visited: Ice Cave.

You collected 2333 gold pieces.

Inventory:

Hand Weapons
 a - a +0 blowgun
 e - the +9 dagger "Buacs" (weapon) {pierce, rPois rC- Str+3 SInv}
   (You found it on level 5 of the Dungeon)

   It inflicts extra damage upon your enemies.
   It affects your strength (+3).
   It makes you vulnerable to cold.
   It protects you from poison.
   It lets you see invisible.
 i - a +2 dagger of protection
 z - a +0 hunting sling
Missiles
 l - 519 stones (quivered)
 y - 123 sling bullets
 K - 37 poisoned needles
Armour
 C - a +1 buckler (worn)
Magical Staves
 w - an uncursed staff of poison
Jewellery
 d - a +5 ring of dexterity (on tentacle)
 h - a ring of protection from magic (right tentacle)
 m - a ring of protection from cold (left tentacle)
 o - a ring of resist corrosion (on tentacle)
 q - the amulet "Fauluwit" {RegenMP MP-9 Int+5 Dex-5}
   (You found it in an ice cave)

   [amulet of magic regeneration]

   It increases your magic regeneration.
   It affects your intelligence (+5).
   It affects your dexterity (-5).
   It affects your magic capacity (-9).
 r - a ring of protection from magic (on tentacle)
 s - a +4 amulet of reflection
 H - an amulet of the gourmand (around mantle)
 L - a ring of see invisible (on tentacle)
 M - an uncursed ring of fire
 O - a +5 ring of dexterity (on tentacle)
Wands
 j - a wand of lightning (9/15)
 u - a wand of hasting (1/9)
 I - a wand of slowing (4/48)
 N - a wand of random effects (14/48)
 R - a wand of digging (15/24)
 T - a wand of flame (12/48)
 Y - a wand of teleportation (4/9)
Scrolls
 p - 5 scrolls of teleportation
 D - a scroll of magic mapping
 E - a scroll of recharging
 F - 3 scrolls of fog
 G - 4 scrolls of enchant weapon
 U - a scroll of fear
Potions
 n - 2 potions of haste
 t - 3 potions of heal wounds
 v - 2 potions of agility
 B - a potion of might
 X - a potion of lignification
Miscellaneous
 c - a stone of tremors
 A - a box of beasts {used: 1}
 V - a fan of gales (inert)
Comestibles
 b - a beef jerky
 f - 12 bread rations
 g - 6 meat rations
 k - 4 slices of pizza
 x - 6 fruits


   Skills:
 + Level 3.9 Fighting
 - Level 1.0 Short Blades
 * Level 11.6 Dodging
 - Level 6.7 Stealth
 + Level 7.1 Shields
 * Level 9.8 Spellcasting
 - Level 9.2 Transmutations
 - Level 11.7 Earth Magic
 + Level 8.7 Invocations
 - Level 4.2 Evocations


You had 18 spell levels left.
You knew the following spells:

 Your Spells              Type           Power        Failure   Level  Hunger
a - Statue Form           Trmt/Erth      ###......    4%          6    ######.
b - Leda's Liquefaction   Hex/Erth       ###.......   1%          4    ###....
c - Shroud of Golubria    Chrm/Tloc      #.........   2%          2    None
d - Blink                 Tloc           N/A          2%          2    None


Dungeon Overview and Level Annotations

Branches:
Dungeon (12/15)            Temple (1/1) D:5            Lair (8/8) D:10
  Swamp (0/4) Lair:6       Spider (0/4) Lair:6        Slime (0/6) Lair:6
    Orc (1/2) D:11

Altars:
Ashenzari
Cheibriados
Dithmenos
Elyvilon
Fedhas
Gozag
Kikubaaqudgha
Makhleb
Nemelex Xobeh
Okawaru
Pakellas
Qazlal
Ru
Sif Muna
Trog
Vehumet
Xom
Yredelemnul
Zin
The Shining One
Jiyva


Innate Abilities, Weirdness & Mutations

You cannot wear most types of armour.
You are amphibious.
You can wear up to eight rings at the same time.
You can use your tentacles to constrict eight enemies at once.
Your skin changes colour to match your surroundings (Stealth).
Your rubbery body absorbs attacks (AC +1).
Your body often deteriorates upon taking damage.
You are somewhat resistant to further mutation.
You regenerate slowly when monsters are visible.
Your spells are easier to cast, but less powerful.


Message History

The komodo dragon bites your wandering mushroom!
The yak gores you but does no damage.
Your wandering mushroom releases spores at the komodo dragon!
The komodo dragon is engulfed in a cloud of spores!
The komodo dragon appears confused.
The yak gores you!
* * * LOW HITPOINT WARNING * * *
Unknown command.
Select plant or fungus to evolve.
Press: ? - help, Dir - move target cursor, f - fungus, p - wandering mushroom
Aim: a fungus (heavily damaged, peaceful, can evolve into a wandering mushroom)
The floor.
The fungus can now pick up its mycelia and move.
Your piety has decreased.
You revert to your normal fleshy form.
The yak gores you!
* * * LOW HITPOINT WARNING * * *
Your body deteriorates!
You feel dopey. The yak gores you!
You die...
Fedhas appreciates your contribution to the ecosystem.

.............................PPPP
P...................#P.#..
.P.#..P..............P.P..P
....................P.P....
...........#PP.P.........P.
..............P.......##...
...............P...P.P.....
..........f........PP......
.........P@........PP......
....l...fPY........PP......
........P†........P..P.....
......#####################
...... ..... ..... .... ....


You could see a komodo dragon (confused), a yak and 2 friendly wandering
mushrooms.

Vanquished Creatures
  The ghost of namelastname112 the Quickloader, a journeyman DrAs of Dithmenos (Lair:7)
  Nessos (Lair:8)
  Snorg (D:11)
  Josephine (Lair:4)
  2 ice dragons (IceCv)
  3 hydras
  2 death yaks (Lair:5)
  A wolf spider (Lair:6)
  A cyclops (D:11)
  Maurice (D:11)
  7 elephants
  5 black mambas
  A gargoyle (D:11)
  An ice statue (IceCv)
  12 spiny frogs
  4 komodo dragons
  A fire drake (Lair:7)
  A jumping spider (Lair:6)
  12 blink frogs
  A boulder beetle (Lair:4)
  2 redbacks (Lair:6)
  3 wraiths
  A wyvern (Lair:4)
  17 yaks
  2 hungry ghosts (D:11)
  9 wandering mushrooms
  7 hippogriffs
  A basilisk (D:10)
  2 wolves (Lair:7)
  16 water moccasins
  4 porcupines
  Duvessa (D:6)
  A swamp drake (Lair:6)
  2 black bears
  An orc warrior (D:11)
  16 ice beasts
  2 sky beasts
  2 phantoms
  2 wasps
  2 ogres (D:11)
  11 crocodiles
  2 big kobolds (D:9)
  15 giant frogs
  The ghost of furman the Changer, an amateur FeTm (D:3)
  A wyvern skeleton (D:12)
  2 scorpions
  3 killer bees
  An electric eel (D:8)
  4 wights (D:10)
  3 crimson imps
  A centaur zombie (D:5)
  4 hounds
  3 jellies
  3 orc priests
  A centaur skeleton (D:9)
  Terence (D:2)
  8 iguanas
  14 orc wizards
  5 worker ants
  19 sheep
  2 ogre skeletons (D:11)
  42 orcs
  A hound skeleton (D:9)
  2 gnolls
  49 river rats
  14 adders
  6 white imps (D:12)
  An ooze (D:1)
  An adder zombie (D:5)
  2 adder skeletons
  4 worms
  4 giant geckos
  8 bats
  5 giant cockroaches
  4 goblins
  4 hobgoblins
  9 jackals
  3 quokkas
  4 ball pythons
  A giant gecko skeleton (D:4)
  5 giant newts
  3 goblin skeletons (D:11)
  3 hobgoblin skeletons (D:11)
  A jackal skeleton (D:7)
  18 kobolds
  7 orc skeletons (D:11)
  An orc zombie (D:11)
  A quokka skeleton (D:4)
  8 rats
  A spectral orc (D:3)
  A ballistomycete (Lair:5)
  A giant spore (Lair:7)
  4 toadstools
474 creatures vanquished.

Vanquished Creatures (collateral kills)
  5 hydras
  4 death yaks (Lair:5)
  A hill giant (D:11)
  A wolf spider (Lair:6)
  An ugly thing (D:11)
  6 elephants
  Joseph (D:9)
  2 black mambas
  3 komodo dragons
  The ghost of totalnoob the Insei, a novice OpTm (D:5)
  5 spiny frogs
  2 trolls
  A two-headed ogre (D:10)
  2 blink frogs
  A spriggan (D:8)
  4 wraiths
  16 yaks
  A wyvern (D:8)
  A hungry ghost (D:8)
  3 hippogriffs
  2 water moccasins
  9 porcupines
  An ice beast (D:8)
  A sky beast (D:11)
  3 orc warriors
  4 ogres
  2 phantoms
  6 crocodiles
  2 giant frogs
  Dowan (D:6)
  A wight (D:12)
  5 killer bees
  2 troll skeletons (D:11)
  A quasit (D:10)
  2 orc priests
  A centaur skeleton (D:11)
  A giant frog skeleton (D:12)
  2 orc wizards
  2 worker ants
  4 sheep
  4 ogre skeletons (D:11)
  A hound skeleton (D:8)
  3 gnolls
  3 adders
  4 river rats (Lair:3)
  6 white imps (D:12)
  An adder zombie (D:5)
  A giant gecko (D:9)
  3 orcs
  3 goblin skeletons (D:11)
  2 hobgoblin skeletons (D:11)
  5 orc skeletons (D:11)
  A butterfly (Lair:2)
  3 giant spores
  A hyperactive ballistomycete (Lair:5)
154 creatures vanquished.

Vanquished Creatures (others)
  A wolf (Lair:7)
  A water moccasin (Lair:7)
  A centaur zombie (D:5)
  An orc wizard (D:5)
  A killer bee zombie (D:11)
  A worker ant zombie (D:9)
  A gnoll (D:5)
  An orc (D:8)
  33 wandering mushrooms
  3 ballistomycetes (Lair:7)
  10 fungi
  3 giant spores
  A hyperactive ballistomycete (Lair:7)
  4 plants
  523 toadstools
585 creatures vanquished.

Grand Total: 1213 creatures vanquished

Notes
Turn   | Place    | Note
--------------------------------------------------------------
     0 | D:1      | M4edhros the Octopode Artificer began the quest for the Orb.
     0 | D:1      | Reached XP level 1. HP: 13/13 MP: 3/3
   241 | D:2      | Reached XP level 2. HP: 13/18 MP: 4/4
   399 | D:3      | Found a basalt altar of Yredelemnul.
   487 | D:4      | Found a blossoming altar of Fedhas.
   491 | D:4      | Reached XP level 3. HP: 23/23 MP: 5/5
   546 | D:4      | Reached XP level 4. HP: 19/28 MP: 6/6
   572 | D:4      | Found a sand-covered staircase.
   639 | D:4      | Found a shadowy altar of Dithmenos.
   657 | D:5      | Entered Level 5 of the Dungeon
   692 | D:5      | Found a shattered altar of Ashenzari.
   761 | D:5      | Reached skill level 4 in Stealth
   766 | D:5      | Reached XP level 5. HP: 29/33 MP: 7/7
  1309 | D:5      | Noticed a sky beast
  1356 | D:5      | Noticed a water moccasin
  1356 | D:5      | a sky beast changed into a water moccasin
  1366 | D:5      | Found a staircase to the Ecumenical Temple.
  1374 | Temple   | Entered the Ecumenical Temple
  1382 | Temple   | Became a worshipper of Xom of Chaos
  1514 | D:5      | XOM: harmless Chrm miscast
  1527 | D:5      | XOM: potion effect (experience)
  1527 | D:5      | Reached skill level 11 in Earth Magic
  1527 | D:5      | Reached XP level 6. HP: 27/38 MP: 9/9
  1550 | D:5      | Noticed totalnoob's ghost (novice OpTm)
  1551 | D:5      | XOM: potion effect (invisibility)
  1552 | D:5      | Got a scorched dagger
  1553 | D:5      | Identified the +9 dagger "Buacs" {pierce, rPois rC- Str+3 SInv} (You found it on level 5 of the Dungeon)
  1557 | D:5      | XOM: potion effect (brilliance)
  1567 | D:5      | Reached skill level 5 in Stealth
  1867 | D:5      | XOM: polymorph quokka -> ball python
  1917 | D:5      | XOM: cast spell 'Metabolic Englaciation'
  1964 | D:4      | Fell from the grace of Xom
  1964 | D:4      | Became a worshipper of Fedhas Madash
  2118 | D:4      | Reached XP level 7. HP: 40/43 MP: 10/10
  2730 | D:1      | Reached * piety under Fedhas
  2754 | D:1      | Learned a level 6 spell: Statue Form
  3312 | D:2      | XOM: give mutations
  3312 | D:2      | Gained mutation: You are frail (-10% HP). [Xom's mischief]
  3312 | D:2      | Gained mutation: You occasionally shout uncontrollably at your foes. [Xom's mischief]
  3580 | D:2      | Noticed Terence
  3592 | D:2      | Killed Terence
  3695 | D:3      | Noticed furman's ghost (amateur FeTm)
  3709 | D:3      | Killed furman's ghost
  3713 | D:3      | Found a faded altar to an unknown god.
  4122 | D:3      | Reached ** piety under Fedhas
  4373 | D:3      | Reached skill level 1 in Invocations
  4378 | D:3      | Reached skill level 1 in Spellcasting
  4521 | D:4      | XOM: polymorph wandering mushroom -> wandering mushroom
  4736 | D:5      | Killed totalnoob's ghost
  4736 | D:5      | Reached XP level 8. HP: 28/43 MP: 11/11
  4845 | D:5      | Reached skill level 1 in Transmutations
  4915 | D:5      | XOM: mild Summ miscast
  5042 | D:6      | Found a sparkling altar of Nemelex Xobeh.
  5071 | D:6      | Found a white marble altar of Elyvilon.
  5073 | D:6      | Noticed Duvessa
  5073 | D:6      | Noticed Dowan
  5089 | D:6      | Killed Duvessa
  5111 | D:6      | Killed Dowan
  5218 | D:6      | Found an oddly glowing altar of Pakellas.
  5339 | D:6      | Reached skill level 5 in Dodging
  5943 | D:7      | Lost mutation: You occasionally shout uncontrollably at your foes. [mutagenic meat]
  5944 | D:7      | Lost mutation: You are frail (-10% HP). [mutagenic meat]
  5945 | D:7      | Gained mutation: You are partially covered in yellow scales (AC +2). [mutagenic meat]
  5946 | D:7      | Gained mutation: Your mind is acute. (Int +2) [mutagenic meat]
  5947 | D:7      | Gained mutation: You regenerate slowly when monsters are visible. [mutagenic meat]
  6048 | D:7      | Reached XP level 9. HP: 53/53 MP: 12/12
  6124 | D:7      | Reached *** piety under Fedhas
  6317 | D:7      | XOM: medium Conj miscast
  6488 | D:7      | XOM: noise
  6722 | D:8      | Learned a level 4 spell: Leda's Liquefaction
  6749 | D:8      | Found a stormy altar of Qazlal.
  6899 | D:8      | XOM: noise
  7031 | D:8      | Found a radiant altar of Vehumet.
  7202 | D:8      | Gained mutation: Scrolls take you a little longer to read. [potion of mutation]
  7202 | D:8      | Lost mutation: Scrolls take you a little longer to read. [potion of mutation]
  7202 | D:8      | Gained mutation: One of your tentacles bears a spike. [potion of mutation]
  7499 | D:9      | Found a sacrificial altar of Ru.
  7732 | D:9      | Reached skill level 1 in Shields
  7740 | D:9      | Reached XP level 10. HP: 50/58 MP: 14/14
  7813 | D:9      | Noticed Joseph
  7830 | D:9      | Killed Joseph
  7922 | D:9      | Reached **** piety under Fedhas
  8040 | D:9      | XOM: harmless Divn miscast
  8123 | D:9      | XOM: medium Hex miscast
  8250 | D:10     | Entered Level 10 of the Dungeon
  8250 | D:10     | Found a staircase to the Lair.
  8262 | D:10     | Noticed a gargoyle
  8511 | D:10     | XOM: mild Necr miscast
  8823 | D:10     | XOM: harmless Ice miscast
  8906 | D:10     | Reached skill level 5 in Invocations
  9504 | D:11     | XOM: noise
  9506 | D:11     | Noticed a hill giant
  9526 | D:11     | Killed a hill giant
  9623 | D:11     | Noticed Maurice
  9631 | D:11     | Killed Maurice
  9632 | D:11     | Noticed Snorg
  9860 | D:11     | XOM: divination: detect items
 10047 | D:11     | Reached XP level 11. HP: 54/63 MP: 16/18
 10053 | D:11     | Gained mutation: You are weak. (Str -2) [mutagenic meat]
 10054 | D:11     | Gained mutation: You are somewhat resistant to further mutation. [mutagenic meat]
 10056 | D:11     | Gained mutation: You are very weak. (Str -4) [mutagenic meat]
 10220 | D:11     | XOM: silly message
 10240 | D:11     | XOM: silly message
 10308 | D:11     | Found a staircase to the Orcish Mines.
 10490 | D:11     | Noticed a white ugly thing
 10491 | D:11     | Killed Snorg
 10491 | D:11     | Reached skill level 5 in Spellcasting
 10588 | D:11     | Reached skill level 5 in Transmutations
 10713 | D:11     | Killed a white ugly thing
 10938 | D:11     | XOM: noise
 11051 | D:11     | XOM: medium Trmt miscast
 11117 | D:11     | Gained mutation: Your spells are a little easier to cast, but a little less powerful. [mutagenic glow]
 11132 | D:11     | XOM: medium Trmt miscast
 11142 | D:11     | Gained mutation: You occasionally shout uncontrollably at your foes. [mutagenic glow]
 11178 | D:11     | Lost mutation: Your mind is acute. (Int +2) [mutagenic glow]
 11251 | D:12     | Found a frozen archway.
 11300 | D:12     | Noticed a six-headed hydra
 11314 | D:12     | Killed a six-headed hydra
 11377 | D:12     | XOM: medium Tloc miscast
 11446 | IceCv    | Entered an ice cave
 12081 | IceCv    | XOM: noise
 13067 | IceCv    | Noticed an ice dragon
 13077 | IceCv    | Noticed an ice dragon
 13085 | IceCv    | Killed an ice dragon
 13094 | IceCv    | Killed an ice dragon
 13111 | IceCv    | Got a vibrating bronze amulet
 13241 | IceCv    | XOM: medium Conj miscast
 13481 | D:11     | Noticed a cyclops
 13600 | Lair:1   | Entered Level 1 of the Lair of Beasts
 13706 | Lair:1   | Reached XP level 12. HP: 24/68 MP: 21/21
 14059 | Lair:1   | Reached ***** piety under Fedhas
 14452 | Lair:1   | Lost mutation: You are very weak. (Str -4) [potion of cure mutation]
 14452 | Lair:1   | Lost mutation: You occasionally shout uncontrollably at your foes. [potion of cure mutation]
 14452 | Lair:1   | Lost mutation: You are weak. (Str -2) [potion of cure mutation]
 14452 | Lair:1   | Lost mutation: You are partially covered in yellow scales (AC +2). [potion of cure mutation]
 14452 | Lair:1   | Lost mutation: One of your tentacles bears a spike. [potion of cure mutation]
 14491 | Lair:2   | Identified the amulet "Fauluwit" {RegenMP MP-9 Int+5 Dex-5} (You found it in an ice cave)
 15287 | Lair:2   | XOM: mild Divn miscast
 15772 | Lair:3   | Noticed a four-headed hydra
 16229 | Lair:3   | Noticed a four-headed hydra
 16270 | Lair:3   | Killed a four-headed hydra
 16614 | Lair:3   | Killed a four-headed hydra
 16715 | Lair:3   | XOM: noise
 16902 | Lair:4   | XOM: medium Trmt miscast
 16917 | Lair:4   | XOM: medium Conj miscast
 16917 | Lair:4   | Was forgiven by Xom
 16918 | Lair:4   | Gained mutation: Your body sometimes deteriorates upon taking damage. [mutagenic glow]
 16948 | Lair:4   | Gained mutation: Your spells are easier to cast, but less powerful. [mutagenic glow]
 17036 | Lair:4   | Gained mutation: Your body often deteriorates upon taking damage. [mutagenic glow]
 17131 | Lair:4   | Reached skill level 5 in Shields
 17173 | Lair:4   | Noticed Josephine
 17191 | Lair:4   | Killed Josephine
 17399 | Lair:4   | Reached skill level 10 in Dodging
 17435 | Lair:4   | Reached XP level 13. HP: 30/72 MP: 22/24
 18387 | Orc:1    | Entered Level 1 of the Orcish Mines
 18668 | Lair:5   | Found a sacrificial altar of Ru.
 19798 | Lair:6   | Found a viscous altar of Jiyva.
 19798 | Lair:6   | Found a staircase to the Slime Pits.
 19881 | Lair:6   | Found a staircase to the Swamp.
 20242 | Lair:6   | Learned a level 2 spell: Shroud of Golubria
 20245 | Lair:6   | Learned a level 2 spell: Blink
 20314 | Lair:6   | Found a hole to the Spider Nest.
 21444 | Lair:7   | Reached XP level 14. HP: 67/83 MP: 27/27
 21485 | Lair:7   | Noticed namelastname112's ghost (journeyman DrAs)
 21532 | Lair:8   | Entered Level 8 of the Lair of Beasts
 21856 | Lair:8   | Noticed Nessos
 22413 | Lair:7   | Killed namelastname112's ghost
 22842 | Lair:8   | Killed Nessos
 23008 | Lair:8   | Slain by a yak

Vault maps used:
D:1:      minmay_arrival_four_circles
D:2:      uniq_terence
D:3:      yredelemnul_forgotten_temple_becter, ecumenical_altar_1,
          hangedman_decor_push
D:4:      nicolae_overflow_hidden_temple, nicolae_ossuary_entry_ruins,
          nicolae_dithmenos_the_darkroom
D:5:      lemuel_round_altar, minmay_temple_entry_grid, first_bread
D:6:      grunt_pakellas_salt, nemelex_deck, elyvilon_altar_5, uniq_duvessa
D:8:      nicolae_qazlal_general_emergency, overflow_temple_1_default,
          the_bakery, minmay_crystal_water, grunt_ministairs_2
D:9:      nicolae_ru_awakened_eye, uniq_joseph
D:10:     minmay_lair_entry_grove, serial_column_ruins, column_ruins_grid_1,
          column_ruins_columns_dead_end, column_ruins_grid_1,
          column_ruins_grid_3, column_ruins_grid_1, column_ruins_columns_corner,
          column_ruins_open_tiny
D:11:     minmay_goldmine, zombieorc2_lemuel, uniq_snorg, uniq_maurice
D:12:     minmay_ornate_pinched, portal_ice_cave_entry_imps, dk_noncrumbling_3
Temple:   temple_eino_lava_12
Lair:1:   st_stairs_9, bh_autumn_forest_stairs, grunt_megastairs_5
Lair:2:   lemuel_fruit_fields
Lair:3:   small_statue_intersection, serial_bayou_shore_b
Lair:4:   grunt_megastairs_2, uniq_josephine
Lair:5:   lemuel_oklob_altar
Lair:6:   minmay_swamp_entry_reptiles, spider_nest_entry_funnel_web,
          slime_altar_1
Lair:7:   uniq_nessos
Lair:8:   hangedman_lair_in_review, guppyfry_lair_end_dragon
Orc:1:    abandoned_shop
IceCv:    ice_cave_small_dragons

Action                   |  1- 3 |  4- 6 |  7- 9 | 10-12 | 13-15 || total
-------------------------+-------+-------+-------+-------+-------++-------
Melee: Short sword       |    26 |    23 |       |       |       ||    49
       Dagger            |       |    14 |   269 |   532 |   361 ||  1176
 Fire: Hunting sling     |       |       |    37 |    81 |    85 ||   203
 Cast: Leda's Liquefacti |       |       |       |     1 |     1 ||     2
       Statue Form       |       |       |       |       |    13 ||    13
Invok: Evolution         |       |       |     5 |    26 |    18 ||    49
       Sunlight          |       |       |     1 |     3 |       ||     4
       Growth            |       |       |       |     1 |       ||     1
       Reproduction      |       |       |       |       |     3 ||     3
Evoke: Wand              |     5 |    27 |     1 |    68 |    17 ||   118
       Fan of gales      |       |       |       |     1 |     1 ||     2
       Stone of tremors  |       |       |       |     1 |       ||     1
       Box of beasts     |       |       |       |     1 |       ||     1
  Use: Scroll            |     2 |     1 |    13 |     7 |     3 ||    26
       Potion            |       |     5 |     8 |    24 |     3 ||    40
 Stab: Sleeping          |     2 |     3 |    21 |    26 |    26 ||    78
       Distracted        |       |     1 |       |     2 |     3 ||     6
       Confused          |       |       |       |     5 |    12 ||    17
  Eat: Meat ration       |       |     1 |     2 |     5 |     2 ||    10
       Royal jelly       |       |       |     2 |     2 |       ||     4
       Chunk             |       |       |     5 |     5 |     9 ||    19
       Beef jerky        |       |       |     2 |     1 |       ||     3
       Pizza             |       |       |       |     2 |     2 ||     4
